 Dungeon Crawl Stone Soup version 0.19.1 (webtiles) character file.

1817 Gargoyl the Cleaver (level 8, -1/71 HPs)
             Began as a Red Draconian Abyssal Knight on Dec 1, 2016.
             Was an Elder of Lugonu.
             Slain by Joseph
             ... wielding a +0 quarterstaff
              (15 damage)
             ... on level 7 of the Dungeon.
             The game lasted 00:12:59 (7714 turns).

Gargoyl the Cleaver (Red Draconian Abyssal Knight)  Turns: 7714, Time: 00:13:00

Health: -1/71      AC:  9    Str: 16    XL:     8   Next: 85%
Magic:  9/9        EV: 14    Int: 13    God:    Lugonu [****..]
Gold:   69         SH:  0    Dex: 11    Spells: 0 memorised, 7 levels left

rFire  + . .     SeeInvis .     C - +1 war axe
rCold  . . .     Gourm    .     (armour unavailable)
rNeg   . . .     Faith    .     (no shield)
rPois  .         Spirit   .     (helmet restricted)
rElec  .         Reflect  .     s - +1 cloak
rCorr  .         Harm     .     k - +0 pair of gloves
MR     ++...                    (no boots)
Stlth  ++........               c - amulet of rage
                                o - ring of protection from magic
                                m - ring of protection from magic

@: exhausted, slowed, very slow
A: breathe fire, unfitting armour, fire resistance 1, cold-blooded, AC +6
a: Breathe Fire, Depart the Abyss, Bend Space, Banish, Corrupt, Renounce
Religion, Evoke Berserk Rage


You were on level 7 of the Dungeon.
You worshipped Lugonu.
Lugonu was greatly pleased with you.
You were hungry.

You visited 1 branch of the dungeon, and saw 7 of its levels.
You visited the Abyss 1 time.

You collected 433 gold pieces.
You spent 364 gold pieces at shops.

Inventory:

Hand Weapons
 a - a +1 hand axe
 C - a +1 war axe (weapon)
Missiles
 q - 8 javelins (quivered)
Armour
 k - a +0 pair of gloves (worn)
 s - a +1 cloak (worn)
Jewellery
 c - an amulet of rage (around neck)
 m - a ring of protection from magic (left hand)
 o - a ring of protection from magic (right hand)
Wands
 e - a wand of random effects (43/48)
Scrolls
 f - 4 scrolls of teleportation
 i - 3 scrolls of recharging
 n - a scroll of magic mapping
 p - a scroll of identify
Potions
 g - 3 potions of brilliance {unknown}
 h - 5 potions of curing
 r - a potion of haste
 t - a potion of cure mutation {unknown}
 u - 3 potions of ambrosia {unknown}
 v - a potion of degeneration {unknown}
 x - a potion of agility
 B - 4 potions of heal wounds
Books
 d - a book of Maledictions

   Spells                             Type                      Level
   a - Corona                         Hexes                        1
   b - Ensorcelled Hibernation        Hexes/Ice                    2
   c - Confuse                        Hexes                        3
   d - Tukima's Dance                 Hexes                        3
   e - Dazzling Spray                 Conjuration/Hexes            3
Comestibles
 b - 4 bread rations
 j - 8 meat rations
 l - 2 slices of pizza
 w - 3 fruits
 z - 2 royal jellies
 A - a beef jerky


   Skills:
 + Level 6.7 Fighting
 + Level 8.6 Axes
 + Level 4.9 Dodging
 + Level 2.2 Stealth
 + Level 2.0 Invocations
 + Level 0.6 Evocations


You had 7 spell levels left.
You didn't know any spells.

Dungeon Overview and Level Annotations

Branches:
Dungeon (7/15)             Temple (0/1) D:6

Altars:
Ashenzari
Cheibriados
Dithmenos
Elyvilon
Fedhas
Hepliaklqana
Kikubaaqudgha
Nemelex Xobeh
Sif Muna
Uskayaw
Vehumet

Shops:
D:6 !   D:7 (

Annotations:
D:7 Joseph


Innate Abilities, Weirdness & Mutations

You can breathe blasts of fire.
Your fiery red scales are hard. (AC +6)
You cannot fit into any form of body armour.
Your flesh is heat resistant. (rF+)
You are cold-blooded and may be slowed by cold attacks.


Message History

Joseph is heavily wounded.
Joseph hits you with an uncursed quarterstaff!
Joseph barely misses you.
You closely miss Joseph.
Joseph is heavily wounded.
Joseph closely misses you.
You barely miss Joseph.
Joseph is heavily wounded.
You have got your breath back.
Joseph misses you.
Joseph hits you with an uncursed quarterstaff.
You hit Joseph but do no damage.
Your tail-slap misses Joseph.
Joseph is heavily wounded.
Joseph hits you with an uncursed quarterstaff.
You hit Joseph. You tail-slap Joseph, but do no damage.
Joseph is heavily wounded.
Joseph hits you with an uncursed quarterstaff!
* * * LOW HITPOINT WARNING * * *
Joseph hits you with an uncursed quarterstaff!
You die...

#.##...........#
.......
##.##.....#######
+#.....
...##..#### .
.......# ..
..###..#########
...
....#..........#
###....
....####.......#
....... ....#
#.......##.......
...##
#........@†......
...#
##......##@......
...# #......#
####### ...#
#####+## #### # .
#


You could see Joseph.

Vanquished Creatures
  Sigmund (D:2)
  A water moccasin (D:6)
  4 ogres
  2 centaurs
  A crocodile (D:7)
  3 bullfrogs
  A scorpion (D:6)
  4 crimson imps
  2 hounds
  A jelly (D:5)
  A bullfrog skeleton (D:4)
  An orc wizard (D:5)
  Jessica (D:3)
  An iguana (D:6)
  3 worker ants
  2 hound skeletons
  4 gnolls (D:4)
  A howler monkey skeleton (D:5)
  7 adders
  A shadow imp (D:4)
  An ooze (D:5)
  6 worms
  5 dart slugs
  5 leopard geckos
  10 orcs
  2 ball pythons
  11 bats
  6 giant cockroaches
  14 hobgoblins
  12 jackals
  12 kobolds
  2 quokkas
  7 frilled lizards
  11 goblins
  A jackal skeleton (D:7)
  4 rats
151 creatures vanquished.

Notes
Turn   | Place    | Note
-------+----------+-------------------------------------------
     0 | Abyss:1  | Gargoyl the Draconian Abyssal Knight began the quest for the Orb.
     0 | Abyss:1  | Reached XP level 1. HP: 19/19 MP: 2/2
   117 | Abyss:3  | Noticed a lightning spire
   147 | Abyss:3  | Noticed a starcursed mass
   147 | D:1      | Escaped the Abyss
   280 | D:1      | Reached * piety under Lugonu
   280 | D:1      | Reached XP level 2. HP: 25/27 MP: 3/3
   580 | D:1      | Reached XP level 3. HP: 30/33 MP: 4/4
  1043 | D:2      | Found a radiant altar of Vehumet.
  1612 | D:2      | Found a hazy altar of Hepliaklqana.
  1667 | D:2      | Reached skill level 3 in Axes
  1850 | D:2      | Noticed Sigmund
  1891 | D:2      | Killed Sigmund
  1891 | D:2      | Reached skill level 4 in Axes
  1891 | D:2      | Reached skill level 1 in Stealth
  1891 | D:2      | Reached XP level 4. HP: 29/41 MP: 5/5
  1891 | D:2      | Reached XP level 5. HP: 34/47 MP: 6/6
  2175 | D:2      | Reached ** piety under Lugonu
  2915 | D:3      | Noticed Jessica
  2928 | D:3      | Killed Jessica
  2928 | D:3      | Reached XP level 6. HP: 45/53 MP: 7/7
  3017 | D:3      | Found a deep blue altar of Sif Muna.
  3176 | D:3      | Found a sparkling altar of Nemelex Xobeh.
  3448 | D:3      | Found a shattered altar of Ashenzari.
  3802 | D:3      | Reached skill level 5 in Fighting
  3802 | D:3      | Reached skill level 5 in Axes
  4148 | D:4      | Your scales start taking on a fiery red colour.
  4148 | D:4      | Reached XP level 7. HP: 61/61 MP: 8/8
  4148 | D:4      | Gained mutation: Your flesh is heat resistant. (rF+) [Red Draconian growth]
  4162 | D:4      | Reached *** piety under Lugonu
  4246 | D:4      | Found a shadowy altar of Dithmenos.
  4762 | D:5      | Entered Level 5 of the Dungeon
  4947 | D:5      | Reached skill level 6 in Axes
  4954 | D:5      | Found a snail-covered altar of Cheibriados.
  5185 | D:5      | Found a hide-covered altar of Uskayaw.
  5924 | D:5      | Found a blossoming altar of Fedhas.
  6048 | D:5      | Reached **** piety under Lugonu
  6447 | D:6      | Found a white marble altar of Elyvilon.
  6477 | D:6      | Found Noonasm's Distillery.
  6496 | D:6      | Reached skill level 7 in Axes
  6496 | D:6      | Reached XP level 8. HP: 69/69 MP: 9/9
  6501 | D:6      | Found a staircase to the Ecumenical Temple.
  6522 | D:6      | Found an ancient bone altar of Kikubaaqudgha.
  6808 | D:6      | Reached skill level 8 in Axes
  6849 | D:6      | Found a white marble altar of Elyvilon.
  7001 | D:6      | Bought a potion of heal wounds for 70 gold pieces
  7001 | D:6      | Bought a potion of curing for 42 gold pieces
  7001 | D:6      | Bought a potion of curing for 42 gold pieces
  7001 | D:6      | Bought a potion of heal wounds for 70 gold pieces
  7001 | D:6      | Bought a potion of haste for 140 gold pieces
  7576 | D:7      | Found Lurea's Antique Weapon Boutique.
  7694 | D:7      | Noticed Joseph
  7714 | D:7      | Slain by Joseph

Skill      XL: |  1  2  3  4  5  6  7  8 |
---------------+-------------------------+-----
Fighting       | 4 5 6 |  6.7
Axes           | 4 5 7 8 |  8.6
Dodging        | 3 4 |  4.9
Stealth        | 1 2 |  2.2
Invocations    | |  2.0
Evocations     | |  0.6

Action                   |  1- 3 |  4- 6 |  7- 9 || total
-------------------------+-------+-------+-------++-------
Melee: Hand axe          |   158 |   197 |   114 ||   469
       Tailslap          |    22 |    20 |    14 ||    56
       War axe           |       |       |   107 ||   107
Invok: Depart the Abyss  |     1 |       |       ||     1
 Abil: Breathe Fire      |       |       |    16 ||    16
       Evoke Berserk Rag |       |       |     2 ||     2
  Use: Scroll            |     5 |     1 |    10 ||    16
       Potion            |     3 |       |       ||     3
 Stab: Sleeping          |       |       |     1 ||     1
  Eat: Chunk             |     2 |     9 |    15 ||    26
Armor: Skin              |    35 |    62 |    73 ||   170
Dodge: Dodged            |    94 |   164 |   158 ||   416
